AoeStats
← Morgoth_Ak

Arabia

507257606Analyzed
1v1 RM · 15d ago on Sep 17, 2026· 49m 35s· 2 players
Game mode
Random Map
Map size
Tiny (2 player)
Population
200
Speed
Normal
Resources
Standard
Victory
Conquest
Starting age
Dark Age
Ending age
Imperial Age
RankedLock teamsTeams togetherTeam positionsShared explorationLock speedFull tech treeHidden civsTurbo modeCheats
Victory
Defeat
🇳🇱 Spanish · Netherlands
1139
+16
🇫🇷 Mongols · France
1149
-16
mathijs
6:08 Loom
8:57 Feudal Age
9:40 Double-Bit Axe
16:48 Horse Collar
22:31 Castle Age
21:48 Fletching
21:58 Padded Archer Armor
23:02 Elite Skirmisher
24:29 Wheelbarrow
24:07 Bow Saw
23:59 Heavy Plow
25:23 Bodkin Arrow
27:28 Scale Barding Armor
28:53 Ballistics
32:04 Leather Archer Armor
33:04 Hand Cart
33:42 Fervor
33:55 Sanctity
35:37 Chain Barding Armor
35:19 Husbandry
35:29 Bloodlines
38:42 Imperial Age
35:53 Pikeman
36:33 Squires
36:53 Redemption
37:01 Town Watch
38:02 Arson
38:19 Scale Mail Armor
38:29 Forging
38:47 Halberdier
40:30 Chemistry
39:45 Bracer
40:15 Ring Archer Armor
40:01 Chain Mail Armor
40:26 Block Printing
41:28 Inquisition
41:49 Conscription
43:15 Plate Mail Armor
43:20 Iron Casting
44:21 Thumb Ring
44:54 Plate Barding Armor
44:00 Light Cavalry
46:15 Hussar
50:20 Blast Furnace
Morgoth_Ak
2:43 Loom
9:01 Feudal Age
11:55 Forging
16:19 Horse Collar
16:29 Double-Bit Axe
18:12 Wheelbarrow
22:47 Castle Age
20:57 Gold Mining
21:57 Stone Mining
24:43 Scale Barding Armor
25:21 Iron Casting
27:07 Hand Cart
27:41 Bloodlines
27:36 Husbandry
29:30 Fletching
29:40 Padded Archer Armor
34:45 Heavy Plow
39:11 Imperial Age
37:09 Nomads
37:17 Town Watch
37:19 Pikeman
37:43 Light Cavalry
39:05 Scale Mail Armor
39:26 Chain Barding Armor
39:21 Leather Archer Armor
40:58 Onager
41:04 Hussar
46:05 Capped Ram
47:13 Conscription
47:14 Drill
46:55 Nomads
Connection lost

Rejoining the realm…

Still unreachable

The connection could not be restored.

Session expired

The server has moved on; the page needs a fresh start.